 Dungeon Crawl Stone Soup version 0.21.1-1-g345015f (webtiles) character file.

206 tidbits the Charmwright (level 5, -7/43 HPs)
             Began as a Gnoll Skald on June 29, 2018.
             Was an Initiate of Cheibriados.
             Mangled by Joseph
             ... wielding a +0 quarterstaff
              (10 damage)
             ... on level 7 of the Dungeon.
             The game lasted 00:08:54 (764 turns).

tidbits the Charmwright (Gnoll Skald)                Turns: 764, Time: 00:08:55

Health: -7/43      AC:  3    Str: 14    XL:     5   Next: 84%
Magic:  1/12       EV: 15    Int: 17    God:    Cheibriados [......]
Gold:   44         SH:  0    Dex: 20    Spells: 3/14 levels left

rFire    . . .     SeeInvis .   m - +2 dagger (venom)
rCold    . . .     Gourm    .   (no shield)
rNeg     . . .     Faith    .   b - +0 leather armour
rPois    .         Spirit   .   (no helmet)
rElec    .         Reflect  .   (no cloak)
rCorr    .         Harm     .   (no gloves)
MR       .....                  (no boots)
Stlth    ++........             (no amulet)
HPRegen  1.14/turn              k - +4 ring of dexterity
MPRegen  0.13/turn              (no ring)

@: regenerating, very slow
A: distributed training, fangs 1, strong nose
a: Bend Time, Renounce Religion


You were on level 7 of the Dungeon.
You worshipped Cheibriados.
Cheibriados was noncommittal.
You were hungry.

You visited 2 branches of the dungeon, and saw 8 of its levels.

You collected 44 gold pieces.

Inventory:

Hand Weapons
 a - a +0 hand axe
 f - a +0 dagger
 m - a +2 dagger of venom (weapon)
   (You took it off an orc on level 3 of the Dungeon)
Armour
 b - a +0 leather armour (worn)
 l - a +0 ring mail
Jewellery
 k - a +4 ring of dexterity (left hand)
   (You found it on level 2 of the Dungeon)
Scrolls
 e - a scroll of remove curse
 g - a scroll of immolation
Potions
 h - a potion of brilliance
Books
 d - a book of Battle

   Spells                             Type                      Level
   a - Infusion                       Charms                       1
   b - Shroud of Golubria             Charms/Translocation         2
   c - Song of Slaying                Charms                       2
   d - Spectral Weapon                Hexes/Charms                 3
   e - Regeneration                   Charms/Necromancy            3
Comestibles
 c - 5 rations


   Skills:
 + Level 4.8 Fighting
 + Level 1.6 Short Blades
 + Level 1.6 Long Blades
 + Level 4.8 Axes
 + Level 1.6 Maces & Flails
 + Level 1.6 Polearms
 + Level 1.6 Staves
 + Level 1.6 Slings
 + Level 1.6 Bows
 + Level 1.6 Crossbows
 + Level 1.6 Throwing
 + Level 3.0 Armour
 + Level 4.8 Dodging
 + Level 1.6 Stealth
 + Level 1.6 Shields
 + Level 1.6 Unarmed Combat
 + Level 5.2 Spellcasting
 + Level 1.3 Conjurations
 + Level 1.3 Hexes
 + Level 5.6 Charms
 + Level 1.3 Summonings
 + Level 1.3 Necromancy
 + Level 1.3 Translocations
 + Level 1.3 Transmutations
 + Level 1.3 Fire Magic
 + Level 1.3 Ice Magic
 + Level 1.3 Air Magic
 + Level 1.3 Earth Magic
 + Level 1.3 Poison Magic
 + Level 1.8 Invocations
 + Level 1.6 Evocations


You had 3 spell levels left.
You knew the following spells:

 Your Spells              Type           Power        Failure   Level  Hunger
g - Shroud of Golubria    Chrm/Tloc      ###.......   6%          2    #......
i - Infusion              Chrm           ###.         1%          1    None
r - Regeneration          Chrm/Necr      ###.......   12%         3    ###....
w - Spectral Weapon       Hex/Chrm       ###.....     12%         3    ###....
y - Song of Slaying       Chrm           ###.....     2%          2    #......


Dungeon Overview and Level Annotations

Branches:
Dungeon (7/15)             Temple (1/1) D:6

Altars:
Cheibriados
Makhleb
Okawaru
Sif Muna
Trog
Vehumet
Wu Jian
Xom
Yredelemnul
The Shining One

Shops:
D:6 (

Annotations:
D:4 tkdonut's ghost, novice HOFi
D:7 Joseph


Innate Abilities, Weirdness & Mutations

Your experience applies equally to all skills.
You have very sharp teeth.
Your uncanny sense of smell can sniff out nearby items.


Message History

You hit the worker ant but do no damage.
Your spectral weapon hits the worker ant.
Your shroud bends the worker ant's attack away.
You barely miss the worker ant.
The worker ant is heavily wounded.
Your spectral weapon hits the worker ant but does no damage.
The worker ant barely misses you.
You completely miss the worker ant.
You bite the worker ant, but do no damage.
The worker ant is moderately wounded.
Your spectral weapon hits the worker ant.
The worker ant closely misses you.
Your shroud bends the worker ant's attack away.
You hit the worker ant but do no damage.
The worker ant is heavily wounded.
Your spectral weapon hits the worker ant.
The worker ant closely misses you.
You hit the worker ant but do no damage.
Your bite misses the worker ant.
The worker ant is heavily wounded.
Your spectral weapon hits the worker ant.
The worker ant bites your spectral weapon.
Your spectral weapon shares its damage with you!
You hit the worker ant.
The worker ant is almost dead.
Your spectral weapon barely misses the worker ant.
The worker ant closely misses you. The worker ant bites you.
You hit the worker ant.
You kill the worker ant!
Cheibriados appreciates the change of pace.
You see here a worker ant corpse.
There is a stone staircase leading up here.
You climb upwards.
Your summoned ally is left behind.
Your spectral weapon fades away.
There is a stone staircase leading down here.
Unknown command.
Your shroud begins to fray at the edges.
You climb downwards.
There is a stone staircase leading up here.
Unknown command.
You see here a worker ant corpse.
Your shroud unravels.
Joseph, a Mercenary comes into view.
He is wielding a quarterstaff.
Found a ration and 6 arrows.
Unknown command.
Wield which item (- for none, * to show all)? (? for menu, Esc to quit)
Your +2 dagger of venom begins to drip with poison!
m - a +2 dagger of venom (weapon)
The helpless Joseph fails to defend himself.
You puncture Joseph!
Joseph is poisoned.
Your bite misses Joseph.
Joseph is moderately wounded.
Joseph drinks a potion.
Joseph is healed!
Joseph looks more healthy.
Casting: Shroud of Golubria
Confirm with . or Enter, or press ? or * to list all spells.
Space distorts slightly along a thin shroud covering your body.
Joseph hits you with a quarterstaff!
Casting: Shroud of Golubria
Confirm with . or Enter, or press ? or * to list all spells.
You draw out your weapon's spirit!
Joseph barely misses you.
You barely miss Joseph.
Joseph is lightly wounded.
Your spectral weapon hits Joseph.
Joseph is poisoned.
You aren't carrying any items that you can evoke.
Unknown command.
You hit Joseph.
Joseph looks as sick as possible!
Joseph is lightly wounded.
Your spectral weapon closely misses Joseph.
Joseph completely misses you.
Casting: Spectral Weapon
Confirm with . or Enter, or press ? or * to list all spells.
Your skin crawls.
You are feeling hungry.
Your shroud bends Joseph's attack away.
A hound comes into view.
You barely miss Joseph. Your bite misses Joseph.
Joseph is moderately wounded.
Your spectral weapon hits Joseph.
Joseph looks as sick as possible!
Joseph hits you with a quarterstaff!
* * * LOW HITPOINT WARNING * * *
Your shroud falls apart!
You hit Joseph.
Joseph looks as sick as possible!
Your bite misses Joseph.
Joseph is moderately wounded.
Your spectral weapon hits Joseph.
Joseph looks as sick as possible!
Joseph hits you with a quarterstaff!
* * * LOW HITPOINT WARNING * * *
Okay, then.
You closely miss Joseph.
Joseph is heavily wounded.
Your spectral weapon hits Joseph but does no damage.
Joseph barely misses you. The hound bites you.
* * * LOW HITPOINT WARNING * * *
You hit Joseph.
Joseph looks as sick as possible!
Joseph is heavily wounded.
Your spectral weapon hits Joseph but does no damage.
Joseph looks as sick as possible!
The hound misses you.
You hit Joseph.
Joseph looks as sick as possible!
Joseph is heavily wounded.
Your spectral weapon hits Joseph.
Joseph looks as sick as possible!
Joseph hits you with a quarterstaff!
You die...

### #.(
######.########
.......(@......
.......@# .
######%h# .. #..#
..#.########..###
................#
........†###........
..##.###<# ##.#.####
#. #.# #.#.# #.#
..#.#


You could see Joseph, a hound and a friendly spectral dagger of venom.

Vanquished Creatures
  A black bear (D:6)
  A hound (D:6)
  A worker ant (D:7)
  An adder (D:2)
  2 worms (D:2)
  A dart slug (D:2)
  4 orcs (D:3)
  2 ball pythons (D:1)
  2 bats
  A giant cockroach (D:2)
  9 goblins
  9 hobgoblins
  3 kobolds
  5 frilled lizards
  A rat (D:2)
43 creatures vanquished.

Vanquished Creatures (others)
  A spectral weapon (D:3)
1 creature vanquished.

Grand Total: 44 creatures vanquished

Notes
Turn   | Place    | Note
-------+----------+-------------------------------------------
     0 | D:1      | tidbits the Gnoll Skald began the quest for the Orb.
     0 | D:1      | Reached XP level 1. HP: 20/20 MP: 6/6
    33 | D:1      | Reached XP level 2. HP: 24/26 MP: 0/7
    37 | D:1      | Learned a level 2 spell: Song of Slaying
    40 | D:1      | Learned a level 2 spell: Shroud of Golubria
   294 | D:2      | Reached skill level 5 in Spellcasting
   294 | D:2      | Reached XP level 3. HP: 31/31 MP: 4/9
   366 | D:2      | Reached skill level 1 in Invocations
   388 | D:2      | Learned a level 3 spell: Regeneration
   392 | D:2      | Learned a level 3 spell: Spectral Weapon
   467 | D:3      | Reached skill level 1 in Short Blades
   467 | D:3      | Reached skill level 1 in Long Blades
   467 | D:3      | Reached skill level 1 in Maces & Flails
   467 | D:3      | Reached skill level 1 in Polearms
   467 | D:3      | Reached skill level 1 in Staves
   467 | D:3      | Reached skill level 1 in Slings
   467 | D:3      | Reached skill level 1 in Bows
   467 | D:3      | Reached skill level 1 in Crossbows
   467 | D:3      | Reached skill level 1 in Throwing
   467 | D:3      | Reached skill level 1 in Stealth
   467 | D:3      | Reached skill level 1 in Shields
   467 | D:3      | Reached skill level 1 in Unarmed Combat
   467 | D:3      | Reached skill level 1 in Evocations
   475 | D:3      | Reached XP level 4. HP: 26/38 MP: 1/11
   522 | D:5      | Entered Level 5 of the Dungeon
   549 | D:5      | Noticed an ogre
   556 | D:4      | Noticed tkdonut's ghost (novice HOFi)
   582 | D:6      | Found a staircase to the Ecumenical Temple.
   582 | D:6      | Noticed a black bear
   585 | D:6      | Found Ocow's Antique Weapon Shoppe.
   594 | D:6      | HP: 2/38 [black bear (2)]
   595 | D:6      | Killed a black bear
   595 | D:6      | Reached skill level 1 in Conjurations
   595 | D:6      | Reached skill level 1 in Hexes
   595 | D:6      | Reached skill level 1 in Summonings
   595 | D:6      | Reached skill level 1 in Necromancy
   595 | D:6      | Reached skill level 1 in Translocations
   595 | D:6      | Reached skill level 1 in Transmutations
   595 | D:6      | Reached skill level 1 in Fire Magic
   595 | D:6      | Reached skill level 1 in Ice Magic
   595 | D:6      | Reached skill level 1 in Air Magic
   595 | D:6      | Reached skill level 1 in Earth Magic
   595 | D:6      | Reached skill level 1 in Poison Magic
   595 | D:6      | Reached XP level 5. HP: 2/43 MP: 0/12
   599 | Temple   | Entered the Ecumenical Temple
   612 | Temple   | Became a worshipper of Cheibriados the Contemplative
   695 | D:6      | Reached skill level 3 in Armour
   748 | D:7      | Noticed Joseph
   761 | D:7      | HP: 2/43 [Joseph/quarterstaff (16)]
   764 | D:7      | Mangled by Joseph

Skill      XL: |  1  2  3  4  5 |
---------------+----------------+-----
Spellcasting   | 5 |  5.2
Invocations    | 1 |  1.8
Short Blades   | 1 |  1.6
Long Blades    | 1 |  1.6
Maces & Flails | 1 |  1.6
Polearms       | 1 |  1.6
Staves         | 1 |  1.6
Slings         | 1 |  1.6
Bows           | 1 |  1.6
Crossbows      | 1 |  1.6
Throwing       | 1 |  1.6
Stealth        | 1 |  1.6
Shields        | 1 |  1.6
Unarmed Combat | 1 |  1.6
Evocations     | 1 |  1.6
Conjurations   | 1 |  1.3
Hexes          | 1 |  1.3
Summonings     | 1 |  1.3
Necromancy     | 1 |  1.3
Translocations | 1 |  1.3
Transmutations | 1 |  1.3
Fire Magic     | 1 |  1.3
Ice Magic      | 1 |  1.3
Air Magic      | 1 |  1.3
Earth Magic    | 1 |  1.3
Poison Magic   | 1 |  1.3
Armour         | 3 |  3.0
Fighting       | |  4.8
Axes           | |  4.8
Dodging        | |  4.8
Charms         | |  5.6

Action                   |  1- 3 |  4- 6 || total
-------------------------+-------+-------++-------
Melee: Hand axe          |    80 |    25 ||   105
       Bite              |     5 |     4 ||     9
       Dagger            |       |    16 ||    16
 Cast: Infusion          |     3 |       ||     3
       Song of Slaying   |     7 |       ||     7
       Shroud of Golubri |     4 |     3 ||     7
       Spectral Weapon   |     2 |     4 ||     6
       Regeneration      |       |     6 ||     6
  Use: Potion            |     1 |       ||     1
       Scroll            |       |     8 ||     8
 Stab: Sleeping          |     1 |     1 ||     2
       Distracted        |       |     1 ||     1
  Eat: Chunk             |       |     1 ||     1
Armor: Leather armour    |    14 |     6 ||    20
Dodge: Dodged            |    40 |    42 ||    82

Table legend:
 A = Turns spent in this place as a percentage of turns spent in the entire game.
 B = Non-inter-level travel turns spent in this place as a percentage of non-inter-level travel turns spent in the entire game.
 C = Inter-level travel turns spent in this place as a percentage of turns spent in this place.
 D = Turns resting spent in this place as a percentage of non-inter-level travel turns spent in this place.
 E = Turns spent auto-exploring this place as a percentage of non-inter-level travel turns spent in this place.
 F = Non-inter-level travel turns spent in this place divided by the number of levels of this place that you've seen.
                   A       B       C       D       E      F
               +-------+-------+-------+-------+-------+----------------------
         Total | 100.0 | 100.0 |   0.0 |   0.0 |   0.0 |  95.5
       Dungeon |  88.1 |  88.1 |   0.0 |   0.0 |   0.0 |  96.1
        Temple |  11.9 |  11.9 |   0.0 |   0.0 |   0.0 |  91.0
               +-------+-------+-------+-------+-------+----------------------

Table legend:
 A = Kills in this place as a percentage of kills in entire the game.
 B = Kills by you in this place as a percentage of kills by you in the entire game.
 C = Kills by friends in this place as a percentage of kills by friends in the entire game.
 D = Other kills in this place as a percentage of other kills in the entire game.
 E = Experience gained in this place as a percentage of experience gained in the entire game.
 F = Experience gained in this place divided by the number of levels of this place that you have seen.
                   A       B       C       D       E      F
               +-------+-------+-------+-------+-------+----------------------
         Total | 100.0 | 100.0 |   N/A |   N/A | 100.0 |  36.9
       Dungeon | 100.0 | 100.0 |   N/A |   N/A | 100.0 |  42.1
               +-------+-------+-------+-------+-------+----------------------

Vault maps used:
D:1:      scummos_arrival_simple_fountains, minivault_23, minmay_close_crescents
D:4:      lemuel_crystal_altar, first_ration, trog_wizard
D:6:      temple_fountains, serial_shops, kennysheep_mini_moat, kennysheep_mini,
          shop
D:7:      grunt_gozag_breadcrumbs, basic_altar, the_bakery, eino_tiny_chamber,
          uniq_joseph
Temple:   cyrus_circular_temple
